 Dungeon Crawl Stone Soup version 0.29.1-14-g9c671dbff4 (webtiles) character file.

Game seed: 5707655130266382549

23 booth the Chopper (level 2, -2/22 HPs)
             Began as a Demonspawn Gladiator on Feb 19, 2023.
             Slain by Natasha (8 damage)
             ... on level 2 of the Dungeon.
             The game lasted 00:05:08 (979 turns).

booth the Chopper (Demonspawn Gladiator)             Turns: 979, Time: 00:05:09

Health: -2/22      AC:  4    Str: 14    XL:     2   Next: 75%
Magic:  2/2        EV: 12    Int:  9    God:
Gold:   72         SH:  0    Dex: 14    Spells: 1/1 levels left

rFire   . . .      SeeInvis .   a - +0 war axe
rCold   . . .      Faith    .   (no shield)
rNeg    . . .      Spirit   .   b - +0 leather armour
rPois   .          Reflect  .   c - +0 helmet
rElec   .          Harm     .   (no cloak)
rCorr   .          Rampage  .   (no gloves)
Will    .....                   (no boots)
Stlth   +.........              (no amulet)
HPRegen 0.07/turn               (no ring)
MPRegen 0.08/turn               (no ring)

@: slowed, very slow
A: powered by death 1
a: no special abilities


You were on level 2 of the Dungeon.
You visited 1 branch of the dungeon, and saw 2 of its levels.

You collected 72 gold pieces.

Inventory:

Hand Weapons
 a - a +0 war axe (weapon)
Missiles
 d - 3 throwing nets (quivered)
 e - a javelin
Armour
 b - a +0 leather armour (worn)
 c - a +0 helmet (worn)
Potions
 f - 2 potions of might
 g - a potion of mutation


   Skills:
 + Level 2.2 Fighting
 + Level 3.2 Axes
 + Level 1.8 Throwing
 + Level 0.3 Armour
 + Level 3.0 Dodging


You had one spell level left.
You didn't know any spells.
Your spell library contained the following spells:

 Spells                   Type           Power      Damage    Failure   Level
 Conjure Flame            Conj/Fire      0%         6-21      83%         3
 Ignite Poison            Fire/Tmut/Pois 0%         N/A       83%         3
 Sticky Flame             Conj/Fire      0%         2d3       99%         4


Dungeon Overview and Level Annotations

Branches:
Dungeon (2/15)

Altars:
Trog

Annotations:
D:2 Natasha


Innate Abilities, Weirdness & Mutations

You regenerate a little health from kills.


Message History

There is a stone staircase leading down here.
You climb downwards.
Found a bubbling clear potion and a robe.
Found a bloodstained altar of Trog.
There is a stone staircase leading up here.
A kobold is nearby!
The kobold shouts!
A dart slug comes into view.
Found a stone staircase leading up.
Natasha, Servant of Life and Death comes into view.
The kobold hits you but does no damage.
You closely miss the kobold.
Natasha hisses angrily.
The kobold hits you with a +0 short sword.
You hit the kobold but do no damage. The kobold misses you.
You slash the kobold!
You kill the kobold!
Natasha howls an incantation.
Natasha's front paws start to glow.
Found 11 gold pieces.
Natasha casts a spell at you.
You feel yourself slow down. Natasha closely misses you.
You hit Natasha.
Natasha is moderately wounded.
Natasha closely misses you.
Natasha stares at you and mumbles some strange words.
You resist with significant effort.
You barely miss Natasha.
Natasha is moderately wounded.
Natasha claws you. The dart slug launches a dart at you.
The slug dart misses you. Natasha closely misses you.
You closely miss Natasha.
Natasha is moderately wounded.
Natasha casts a spell at you. The magic dart hits you!
* * * LOW HITPOINT WARNING * * *
Natasha claws you!
You die...

##### #....
#...< ###..w.
....... .##....
.!.....######
#......w@.#
######<#h..#
............#
..###..........
#..._.......
##.........$.
#........[#.
##........#
.........


You could see Natasha and a dart slug.

Vanquished Creatures
  3 bats (D:1)
  2 endoplasms (D:1)
  A giant cockroach (D:1)
  7 jackals (D:1)
  2 ball pythons (D:1)
  2 goblins (D:1)
  2 kobolds
  2 rats (D:1)
21 creatures vanquished.

Notes
Turn   | Place    | Note
-------+----------+-------------------------------------------
     0 | D:1      | booth the Demonspawn Gladiator began the quest for the Orb.
     0 | D:1      | Reached XP level 1. HP: 16/16 MP: 1/1
   213 | D:1      | Gained mutation: You regenerate a little health from kills.
                  | [demonic ancestry]
   213 | D:1      | Reached XP level 2. HP: 19/22 MP: 2/2
   968 | D:2      | Found a bloodstained altar of Trog.
   971 | D:2      | Noticed Natasha
   979 | D:2      | Slain by Natasha

Illustrated notes

Levels and vault maps discovered:
D:1:      ncdulo_smallfort, layout_loops_ring, minmay_ruptured
D:2:      layout_rooms, basic_altar, hellmonk_ecumenical_altar_watching_god,
          uniq_natasha, uniq_terence

Skill      XL: |  1  2 |
---------------+-------+-----
Axes           | 3 |  3.2
Dodging        | 3 |  3.0
Fighting       | |  2.2
Throwing       | |  1.8
Armour         | |  0.3

Action                   || total
-------------------------++-------
Melee: War axe           ||    55
  Use: Scroll            ||     5
       Potion            ||     1
 Stab: Sleeping          ||     1
Armor: Leather armour    ||    26
Dodge: Dodged            ||    47
